Map: Shrines of Lizul

Players

Mglamrak

  • Race: Protoss Protoss
  • League: Diamond
  • Spawn Location: 3:00

CrazyFox

  • Race: Terran Terran
  • League: Platinum
  • Spawn Location: 12:00

ILIEKEGGPIE - Winner!

  • Race: Protoss Protoss
  • League: Gold
  • Spawn Location: 6:00

BizMac - Winner!

  • Race: Zerg Zerg
  • Spawn Location: 9:00

VOD

Have the link to the VOD?

Description

Time

  • Played on: April 5, 2018, 1:04 p.m.
  • Length: 12:05
Show
View Real Time Build Order
Export as new Build Order

Mglamrak Protoss 

Build Orders:  

Get SALT Encoding   

  12  0:01  Probe  
  13  0:13  Probe  
  14  0:18  Pylon  
  14  0:29  Probe  
  15  0:41  Probe, Gateway  
  16  0:53  Probe  
  17  0:58  Assimilator  
  17  1:00  Assimilator  
  17  1:16  Gateway  
  17  1:29  Probe (Chrono Boost)  
  18  1:39  Cybernetics Core  
  18  1:42  Probe (Chrono Boost)  
  18  1:46  Zealot  
  21  1:50  Probe (Chrono Boost)  
  22  1:56  Probe  
  23  2:01  Pylon  
  23  2:14  Warp Gate (Chrono Boost)  
  23  2:19  Probe  
  23  2:22  Adept (Chrono Boost)  
  26  2:26  Adept (Chrono Boost)  
  28  2:37  Pylon  
  28  3:01  Stalker  
  28  3:02  Stalker  
  28  3:03  Probe  
  33  3:10  Pylon  
  29  3:36  Zealot x2  
  33  3:43  Twilight Council  
  33  3:44  Shield Battery  
  33  3:48  Shield Battery  
  33  4:15  Charge (Chrono Boost)  
  33  4:35  Gateway  
  33  4:37  Gateway x2  
  33  4:40  Robotics Facility  
  33  4:58  Nexus  
  33  5:15  Pylon  
  33  5:27  Forge  
  33  5:28  Warp Prism  
  35  5:43  Probe  
  36  5:53  Gateway  
  36  5:58  Pylon  
  37  6:04  Observer  
  37  6:05  Protoss Ground Weapons Level 1  
  37  6:39  Zealot x4  
  45  6:56  Zealot  
  45  7:29  Immortal (Chrono Boost)  
  49  7:39  Probe x2  
  49  7:41  Gateway  
  49  7:43  Gateway  
  52  7:51  Probe x2  
  53  8:03  Probe x2  
  55  8:19  Zealot x5  
  59  8:23  Sentry  
  42  8:40  Zealot x4  
  42  8:41  Zealot  
  48  8:48  Probe x2  
  44  8:55  Sentry  
  46  9:02  Zealot x5  
  52  9:03  Zealot  
  56  9:10  Warp Prism  
  58  9:23  Zealot x2  
  62  9:24  Zealot  
  58  9:46  Immortal  
  58  9:51  Zealot  
  58  9:52  Zealot x5  
  60  10:06  Zealot  
  44  10:26  Zealot x4  
  44  10:27  Zealot  
  48  10:34  Zealot  
  48  10:35  Probe, Zealot  
  51  10:37  Probe  
  53  10:48  Probe  
  44  10:56  Sentry  
  42  11:04  Stalker x4  
  43  11:23  Stalker x3  
  47  11:27  Zealot  
Show
View Real Time Build Order
Export as new Build Order

CrazyFox Terran 

Build Orders: Mech 

Get SALT Encoding   

  12  0:02  SCV  
  14  0:14  SCV  
  14  0:19  Supply Depot  
  14  0:26  SCV  
  15  0:31  Refinery  
  15  0:40  SCV  
  16  0:48  Barracks  
  16  1:00  SCV  
  17  1:20  SCV  
  18  1:34  Orbital Command  
  18  1:39  Marine  
  19  1:46  Command Center  
  19  1:58  Factory  
  19  2:01  Refinery  
  19  2:04  SCV  
  20  2:09  Barracks Reactor  
  20  2:20  SCV  
  21  2:32  Supply Depot, SCV  
  22  2:44  SCV  
  23  2:56  SCV  
  24  3:00  Factory  
  24  3:01  SCV  
  25  3:14  SCV x2  
  25  3:18  Cyclone, Hellion  
  32  3:21  Barracks Tech Lab  
  32  3:26  SCV  
  33  3:29  Orbital Command  
  33  3:32  Supply Depot  
  33  3:40  SCV  
  36  3:48  Hellion  
  36  3:50  Cyclone  
  36  3:53  Siege Tank  
  42  4:01  Armory  
  42  4:02  SCV x2  
  40  4:12  Supply Depot  
  40  4:33  SCV x2  
  40  4:35  Siege Tank  
  40  4:36  Hellion x2  
  49  4:46  SCV x2  
  51  4:57  Hellion x2  
  51  4:58  SCV x2  
  57  5:09  Factory  
  57  5:11  Terran Vehicle Weapons Level 1  
  57  5:15  Supply Depot  
  57  5:16  Barracks Reactor  
  57  5:17  SCV  
  60  5:21  Hellion  
  60  5:24  SCV  
  61  5:35  Infernal Pre-Igniter  
  61  5:37  Hellion  
  61  5:41  Hellion  
  65  5:47  SCV x2  
  67  5:58  Hellion  
  69  6:16  Supply Depot  
  69  6:38  Siege Tank, Hellion x2  
  69  6:39  SCV x2  
  78  6:50  Refinery  
  50  7:03  Refinery  
  45  7:13  Supply Depot  
  45  7:14  Command Center  
  46  7:15  SCV x2  
  47  7:24  Barracks Tech Lab  
  47  7:28  Terran Vehicle Weapons Level 2  
  47  7:31  Siege Tank  
  47  7:32  Factory  
  47  7:33  Cyclone, Hellion x2  
  47  7:35  Hellion  
  59  7:40  Supply Depot  
  59  7:58  Command Center  
  59  8:21  Siege Tank  
  59  8:22  Hellion x2  
  64  8:38  Hellion  
  64  8:39  Hellion  
  61  8:47  Cyclone x2  
  67  8:49  Siege Tank  
  67  8:53  Siege Tank, SCV x2  
  75  9:00  Hellion x2  
  75  9:09  SCV x2  
  75  9:13  Orbital Command  
  75  9:18  Orbital Command  
  75  9:22  SCV x2  
  77  9:27  Thor  
  77  9:28  Thor  
  77  9:30  Cyclone, Hellion x2  
  90  9:34  Orbital Command  
  90  9:47  SCV x3  
  93  9:59  Hellion x2  
  99  10:00  Hellion  
  99  10:04  Refinery  
  95  10:10  Thor  
  78  10:20  SCV  
  78  10:21  SCV x3  
  72  10:33  SCV  
  72  10:34  Thor  
  72  10:35  Cyclone  
  82  10:36  Hellion  
  82  10:37  Hellion x2  
  80  10:53  Thor  
  80  10:54  SCV x3  
  80  10:55  SCV  
  81  11:26  SCV x3  
  77  11:35  Hellion x4  
Show
View Real Time Build Order
Export as new Build Order

ILIEKEGGPIE Protoss - Winner!

Build Orders:  

Get SALT Encoding   

  12  0:02  Probe  
  14  0:14  Probe  
  14  0:18  Pylon  
  14  0:26  Probe  
  15  0:38  Probe (Chrono Boost)  
  15  0:39  Gateway  
  17  0:50  Probe (Chrono Boost)  
  17  0:53  Assimilator  
  17  0:58  Probe (Chrono Boost)  
  18  1:12  Pylon  
  18  1:16  Probe  
  19  1:32  Cybernetics Core  
  19  1:44  Gateway  
  19  1:55  Assimilator  
  19  2:03  Gateway  
  19  2:06  Warp Gate (Chrono Boost)  
  19  2:13  Stalker  
  21  2:19  Probe (Chrono Boost)  
  22  2:31  Probe (Chrono Boost), Stalker  
  25  2:47  Pylon  
  25  3:05  Stalker x2  
  26  3:36  Probe (Chrono Boost)  
  27  3:46  Probe (Chrono Boost)  
  28  3:50  Probe (Chrono Boost)  
  29  3:59  Nexus  
  29  4:02  Probe  
  30  4:03  Pylon  
  30  4:14  Probe (Chrono Boost)  
  31  4:17  Stargate  
  32  4:25  Probe (Chrono Boost)  
  32  4:28  Pylon  
  32  4:30  Probe (Chrono Boost)  
  33  4:41  Probe  
  34  5:01  Robotics Facility  
  34  5:03  Robotics Facility  
  34  5:17  Stalker x2  
  34  5:18  Stalker  
  40  5:23  Probe (Chrono Boost)  
  42  5:28  Probe (Chrono Boost)  
  42  5:32  Probe (Chrono Boost)  
  44  5:36  Probe (Chrono Boost)  
  44  5:37  Probe (Chrono Boost)  
  44  5:38  Pylon  
  45  5:47  Probe  
  45  5:49  Probe  
  47  5:56  Robotics Bay  
  47  5:59  Probe  
  47  6:01  Probe  
  49  6:06  Immortal (Chrono Boost)  
  54  6:12  Probe (Chrono Boost)  
  54  6:14  Probe (Chrono Boost)  
  55  6:24  Assimilator  
  57  6:26  Probe (Chrono Boost), Assimilator  
  57  6:29  Immortal (Chrono Boost), Probe (Chrono Boost)  
  57  6:32  Probe (Chrono Boost)  
  58  6:35  Probe (Chrono Boost)  
  58  6:37  Sentry x2  
  58  6:38  Sentry  
  52  7:02  Stalker x3  
  57  7:20  Pylon  
  57  7:25  Pylon  
  57  7:27  Probe  
  57  7:28  Probe  
  59  7:40  Probe  
  60  7:53  Extended Thermal Lance (Chrono Boost)  
  51  8:12  Stalker  
  51  8:13  Stalker x2  
  53  8:38  Stalker x3  
  59  8:46  Colossus (Chrono Boost)  
  65  8:54  Phoenix  
  65  9:15  Forge  
  61  9:32  Colossus (Chrono Boost)  
  67  9:41  Probe x2  
  69  9:50  Nexus  
  69  9:53  Probe  
  68  10:19  Colossus x2 (Chrono Boost)  
  68  10:33  Stalker  
  68  10:34  Stalker x2  
  60  11:02  Colossus (Chrono Boost)  
  66  11:05  Gateway  
  66  11:09  Pylon  
  66  11:10  Pylon  
  66  11:12  Gateway x2  
  64  11:34  Stalker x3  
Show
View Real Time Build Order
Export as new Build Order

BizMac Zerg - Winner!

Build Orders: Pool First 

Get SALT Encoding   

  12  0:01  Drone  
  13  0:09  Drone  
  14  0:19  Overlord  
  14  0:38  Drone x3  
  14  0:40  Extractor  
  16  0:51  Spawning Pool  
  16  0:52  Drone  
  16  1:02  Drone  
  17  1:12  Drone  
  18  1:28  Drone  
  19  1:38  Queen  
  21  1:43  Metabolic Boost  
  21  1:47  Overlord  
  21  1:55  Hatchery  
  21  2:00  Zergling x2  
  21  2:01  Zergling x2  
  22  2:25  Zergling x4  
  22  2:26  Zergling x2  
  25  2:56  Extractor, Drone x3  
  25  2:57  Drone x2  
  29  3:07  Overlord  
  29  3:11  Queen  
  31  3:13  Drone  
  32  3:34  Drone  
  32  3:35  Drone x5  
  32  3:40  Lair  
  38  3:49  Overlord  
  38  3:50  Drone x2  
  40  3:58  Roach Warren  
  39  4:14  Drone  
  39  4:15  Drone x6  
  41  4:32  Overlord x2, Spine Crawler  
  40  4:40  Roach x3  
  46  4:51  Glial Reconstitution  
  46  4:52  Roach x2  
  50  5:03  Extractor  
  50  5:05  Extractor  
  48  5:11  Drone x3  
  51  5:16  Overlord x2  
  51  5:26  Drone  
  52  5:35  Overlord  
  52  5:37  Drone  
  52  5:38  Drone x4  
  57  5:46  Hatchery  
  56  5:51  Evolution Chamber  
  56  5:52  Drone  
  56  5:53  Drone x2  
  56  5:54  Evolution Chamber  
  57  5:58  Queen  
  57  6:01  Roach x4  
  67  6:21  Hydralisk Den  
  66  6:27  Roach x6  
  78  6:33  Roach  
  78  6:34  Roach x3  
  86  6:40  Spine Crawler  
  86  6:43  Roach  
  86  6:44  Roach x2  
  77  7:20  Hydralisk x10  
  97  7:22  Overlord  
  97  7:23  Overlord x2  
  97  7:31  Zerg Missile Weapons Level 1  
  97  7:32  Zerg Ground Armor Level 1  
  97  7:34  Drone  
  97  7:36  Overlord x2  
  98  7:46  Drone x3  
  98  7:47  Drone  
  98  7:49  Overlord x2  
  82  8:46  Hydralisk, Roach x3  
  82  8:47  Hydralisk x6, Roach x3  
  100  9:11  Hydralisk x2, Roach x2  
  100  9:12  Roach x2  
  112  9:17  Queen  
  112  9:20  Extractor, Drone  
  112  9:21  Extractor, Drone x2  
  115  9:26  Overseer x2  
  107  9:57  Hydralisk x3  
  107  9:58  Hydralisk x5  
  107  9:59  Roach  
  125  10:00  Roach x5  
  125  10:12  Hydralisk x3  
  95  10:32  Hydralisk x3  
  95  10:33  Hydralisk x3  
  99  10:54  Hydralisk x3  
  99  10:55  Roach x3  
  101  11:23  Hydralisk x3  
  101  11:24  Roach x4  
Tags
 
Add a new tag
Caveats
  • Supply blocks, unpowered buildings, or Contaminate may cause inaccurate times.
  • Supply counts are checked every 10 seconds.